 Dungeon Crawl Stone Soup version 0.31-a0-237-g2d982f9f85 (webtiles) character file.

Game seed: 6050427324784524182

65 qw the Shooter (level 3, 0/29 HPs)
             Began as a Minotaur Hexslinger on July 10, 2023.
             Slain by a gnoll
             ... wielding a +0 spear
              (1 damage)
             ... on level 2 of the Dungeon.
             The game lasted 00:00:27 (1091 turns).

qw the Shooter (Minotaur Hexslinger)                Turns: 1091, Time: 00:00:27

Health: 0/29       AC:  3    Str: 12    XL:     3   Next: 94%
Magic:  3/3        EV: 12    Int: 10    God:
Gold:   74         SH:  0    Dex: 14    Spells: 3/4 levels left

rFire   . . .        Y - +1 sling
rCold   . . .        (no shield)
rNeg    . . .        d - +0 leather armour
rPois   .            (helmet restricted)
rElec   .            (no cloak)
rCorr   .            (no gloves)
SInv    .            (no boots)
Will    .....        (no amulet)
Stlth   +            (no ring)
HPRegen 0.24/turn    (no ring)
MPRegen 0.08/turn

%: no passive effects
@: no status effects
A: horns 2, retaliatory headbutt
a: no special abilities


You were on level 2 of the Dungeon.
You visited 1 branch of the dungeon, and saw 2 of its levels.

You collected 74 gold pieces.


Innate Abilities, Weirdness & Mutations

You have a pair of horns on your head.
You reflexively headbutt those who attack you in melee.


   Skills:
 - Level 2.0 Fighting
 + Level 4.4 Ranged Weapons
 - Level 2.1 Dodging
 - Level 1.0 Spellcasting
 - Level 2.0 Hexes


You had 3 spell levels left.
You knew the following spells:

 Your Spells              Type           Power      Damage    Failure   Level
a - Slow                  Hex            16%        N/A       19%         1

Your spell library contained the following spells:

 Spells                   Type           Power      Damage    Failure   Level
 Inner Flame              Hex/Fire       2%         N/A       65%         3
 Portal Projectile        Hex/Tloc       4%         N/A       65%         3
 Cause Fear               Hex            2%         N/A       88%         4

Inventory:

Hand Weapons
 Y - a +1 sling (weapon)
Armour
 c - a +0 ring mail
 d - a +0 leather armour (worn)
Jewellery
 a - a +4 ring of slaying {mikee}
Scrolls
 e - 2 scrolls of identify {unknown}
Potions
 b - a potion of degeneration {unknown}
 f - 2 potions of brilliance {unknown}

Dungeon Overview and Level Annotations

Branches:
Dungeon (2/15)

Altars:

Annotations:
D:1 1 transporter
D:2 exclusion: gnoll


Message History

You shoot a sling bullet. The gnoll shouts!
The sling bullet hits the gnoll.
The gnoll is severely wounded.
You hear a shout!
1083 ||| Stepping ~*~*~tactically~*~*~ (outnumbered).
You shoot a sling bullet.
The sling bullet closely misses the gnoll.
The gnoll barely misses you.
You shoot a sling bullet.
The sling bullet closely misses the gnoll.
The gnoll hits you from afar with a +0 spear!
You shoot a sling bullet. The sling bullet hits the gnoll.
The gnoll is almost dead.
The gnoll closely misses you.
The gnoll hits you from afar with a +0 spear!
Enter note:
Enter note:
Enter note:
Enter note:
Enter note:
Enter note:
Enter note:
Enter note:
1087 ||| UPGRADING to +0 ring mail.
The gnoll hits you from afar with a +0 spear.
You stop removing your armour.
1088 ||| UPGRADING to +0 ring mail.
The gnoll hits you from afar with a +0 spear.
You stop removing your armour.
1089 ||| UPGRADING to +0 ring mail.
The gnoll hits you from afar with a +0 spear.
You stop removing your armour.
1090 ||| UPGRADING to +0 ring mail.
The gnoll barely misses you.
You start removing your armour.
You continue taking off your +0 leather armour.
The gnoll hits you from afar with a +0 spear.
You stop removing your armour.
You die...

.##.####.# #.....# ###.#
.........#######.....#
#.#
###.#.##.......##...##
#)# ............##.###.##
#.##
##.##.##.##.##.##...#
#... ...
#.##.##.........# ####
... ..##.......##...#
#####.##.......##########
#.##.....#..@........
#..........###g######
#######.#### .# #.# .#
#.# g. #.# g. #.# ... #.#
... #.#


You could see a gnoll.

Vanquished Creatures
  2 adders (D:2)
  A dart slug (D:2)
  5 ball pythons
  6 bats
  7 endoplasms
  4 giant cockroaches
  2 goblins (D:2)
  5 hobgoblins
  4 kobolds
  3 frilled lizards
  3 rats
42 creatures vanquished.

Notes
Turn   | Place    | Note
-------+----------+-------------------------------------------
     0 | D:1      | qw the Minotaur Hexslinger began the quest for the Orb.
     0 | D:1      | Reached XP level 1. HP: 16/16 MP: 1/1
     0 | D:1      | 0 ||| qw: Version: 0.3-a-52-g30416fa
     0 | D:1      | 0 ||| qw: Game counter: 5267
     0 | D:1      | 0 ||| qw: Melee chars always use a shield: true
     0 | D:1      | 0 ||| qw: God list: Okawaru
     0 | D:1      | 0 ||| qw: Allow faded altars: false
     0 | D:1      | 0 ||| qw: Do Orc after clearing Dungeon:15 true
     0 | D:1      | 0 ||| qw: Do second Lair branch before Depths: true
     0 | D:1      | 0 ||| qw: Lair rune preference: random
     0 | D:1      | 0 ||| qw: Goals: Normal
     0 | D:1      | 0 ||| PLANNING D:1-11
   122 | D:1      | Reached skill level 3 in Ranged Weapons
   180 | D:1      | Reached XP level 2. HP: 23/23 MP: 2/2
   625 | D:1      | 625 ||| UPGRADING to +0 leather armour.
   635 | D:1      | 635 ||| DROPPING +0 robe.
   636 | D:1      | 636 ||| DROPPING amulet of magic regeneration.
   637 | D:1      | 637 ||| READING scroll labelled ITIDWU KI CUCLIS.
   638 | D:1      | 638 ||| READING scroll labelled NARAICW WYMURR.
   639 | D:1      | 639 ||| DROPPING scroll of poison.
   663 | D:2      | Reached XP level 3. HP: 28/29 MP: 3/3
   734 | D:2      | Found the +3 warlock's mirror {omnireflect}
   757 | D:2      | Reached skill level 4 in Ranged Weapons
  1083 | D:2      | 1083 ||| Stepping ~*~*~tactically~*~*~ (outnumbered).
  1087 | D:2      | 1087 ||| UPGRADING to +0 ring mail.
  1088 | D:2      | 1088 ||| UPGRADING to +0 ring mail.
  1088 | D:2      | HP: 6/29 [gnoll/+0 spear (3)]
  1089 | D:2      | 1089 ||| UPGRADING to +0 ring mail.
  1089 | D:2      | HP: 1/29 [gnoll/+0 spear (5)]
  1090 | D:2      | 1090 ||| UPGRADING to +0 ring mail.
  1091 | D:2      | Slain by a gnoll

Levels and vault maps discovered:
D:1:      spicycebolla_arrival_risky_transporter, layout_loops_ring
D:2:      layout_loops_cross

Skill      XL: |  1  2  3 |
---------------+----------+-----
Ranged Weapons | 3 4 |  4.4
Fighting       | 2 |  2.0
Dodging        | |  2.1
Spellcasting   | |  1.0
Hexes          | |  2.0

Action                     || total
---------------------------++-------
   Fire: Sling             ||   102
    Use: Scroll            ||     2
 Armour: Robe              ||     4
         Leather armour    ||     1
  Dodge: Dodged            ||    26

Table legend:
 A = Non-vault XP
 B = Vault XP
 C = Vault XP percentage of total XP
 D = Non-vault monster count
 E = Vault monster count
 F = Vault count percentage of total count
                 A         B        C        D         E       F
            +---------+---------+-------+---------+---------+-------
      Total |      94 |       0 |   0.0 |      42 |       0 |   0.0
            +---------+---------+-------+---------+---------+-------
        D:1 |      37 |       0 |   0.0 |      22 |       0 |   0.0
        D:2 |      57 |       0 |   0.0 |      20 |       0 |   0.0
            +---------+---------+-------+---------+---------+-------
